 Dungeon Crawl Stone Soup version 0.31.0-12-g77e489cdc1 (webtiles) character file.

Game seed: 10867416093453127506

571 mopl the Sneak (level 7, -3/32 HPs)
             Began as a Vine Stalker Enchanter on Feb 11, 2024.
             Slain by a gnoll sergeant
             ... wielding a +0 trident
              (14 damage)
             ... on level 3 of the Dungeon.
             The game lasted 00:03:29 (2254 turns).

mopl the Sneak (Vine Stalker Enchanter)             Turns: 2254, Time: 00:03:30

Health: -3/32      AC:  3    Str: 11    XL:     7   Next: 34%
Magic:  0/14       EV: 12    Int: 17    God:
Gold:   158        SH:  0    Dex: 14    Spells: 4/15 levels left

rFire   . . .        a - +3 dagger
rCold   . . .        (no shield)
rNeg    . . .        o - +0 robe
rPois   .            (no helmet)
rElec   .            (no cloak)
rCorr   .            i - +0 pair of gloves
SInv    .            (no boots)
Will    .....        (no amulet)
Stlth   +++          (no ring)
HPRegen 1.05/turn    (no ring)
MPRegen 0.14/turn

%: guardian spirit
@: no status effects
A: fangs 2, regeneration 1, magic shield, antimagic bite, no potion heal 2
a: no special abilities


You were on level 3 of the Dungeon.
You visited 1 branch of the dungeon, and saw 3 of its levels.

You collected 158 gold pieces.

Inventory:

Hand Weapons
 a - a +3 dagger (weapon)
 b - the +4 rapier of Descent {flame, rElec rC++ rCorr}
   (You found it on level 3 of the Dungeon)

   rC++:      It greatly protects you from cold.
   rElec:     It insulates you from electricity.
   rCorr:     It protects you from acid and corrosion.
Missiles
 d - a throwing net
 j - 9 poisoned darts
Armour
 i - a +0 pair of gloves (worn)
 o - a +0 robe (worn)
 q - a +0 kite shield
Scrolls
 e - a scroll of immolation {unknown}
 g - 2 scrolls of revelation {unknown}
 h - 2 scrolls of fog {unknown}
 k - 5 scrolls of identify {unknown}
 l - 2 scrolls of blinking {unknown}
Potions
 c - 4 potions of invisibility
 f - a potion of curing {unknown}
 m - a potion of haste {unknown}
 n - a potion of ambrosia {unknown}
 p - a potion of might {unknown}


   Skills:
 + Level 0.2 Fighting
 + Level 2.6 Short Blades
 - Level 1.5 Dodging
 * Level 6.4 Stealth
 * Level 4.5 Spellcasting
 * Level 5.0 Hexes


You had 4 spell levels left.
You knew the following spells:

 Your Spells              Type           Power      Damage    Failure   Level
a - Dazzling Flash        Conj/Hex       24%        N/A       16%         3
b - Ensorcelled Hibernat  Hex/Ice        24%        N/A       9%          2
c - Confusing Touch       Hex            20%        N/A       6%          3
d - Tukima's Dance        Hex            20%        N/A       6%          3

Your spell library contained the following spells:

 Spells                   Type           Power      Damage    Failure   Level
 Kiss of Death            Conj/Necr      12%        2d6       16%         1
 Stone Arrow              Conj/Erth      6%         3d7       41%         3
 Animate Armour           Summ/Erth      6%         N/A       83%         4
 Dispel Undead            Necr           3%         3d7       83%         4
 Lehudib's Crystal Spear  Conj/Erth      1%         10d2      100%        8


Dungeon Overview and Level Annotations

Branches:
Dungeon (3/15)

Altars:
Okawaru

Shops:
D:2 [

Annotations:
D:1 dig


Innate Abilities, Weirdness & Mutations

You have extremely sharp teeth.
Your natural rate of healing is unusually fast.
When hurt, damage is shared between your health and your magic reserves.
Your bite disrupts and absorbs the magic of your enemies.
Potions cannot restore your health.


Message History

Confirm with . or Enter, or press ? or * to list all spells.
Aiming: Ensorcelled Hibernation (safe; 9% risk of failure)
Press: ? - help, Shift-Dir - straight line, f/p - orc
Aim: an orc, wielding a +0 short sword (chance to affect: 63%)
The orc resists with significant effort.
The gnoll sergeant barely misses you. The orc hits you but does no damage.
Casting: Ensorcelled Hibernation (safe; 9% risk of failure)
Confirm with . or Enter, or press ? or * to list all spells.
Aiming: Ensorcelled Hibernation (safe; 9% risk of failure)
Press: ? - help, Shift-Dir - straight line, f/p - orc
Aim: an orc, wielding a +0 short sword (chance to affect: 63%)
The orc resists with significant effort.
The gnoll sergeant hits you from afar with a +0 trident!
* * * LOW HITPOINT WARNING * * *
The orc hits you with a +0 short sword.
* * * LOW HITPOINT WARNING * * *
Your magical contamination has completely faded away.
The orc attacks as it pursues you! The orc misses you.
Casting: Ensorcelled Hibernation (safe; 9% risk of failure)
Confirm with . or Enter, or press ? or * to list all spells.
Aiming: Ensorcelled Hibernation (safe; 9% risk of failure)
Press: ? - help, Shift-Dir - straight line, f/p - orc
Aim: an orc, wielding a +0 short sword (chance to affect: 63%)
The orc resists with significant effort.
The orc barely misses you.
Unknown command.
You hit the orc. Your bite misses the orc.
The orc is moderately wounded.
The gnoll sergeant barely misses you.
You hit the orc. You bite the orc.
You kill the orc!
The gnoll sergeant hits you from afar with a +0 trident.
The gnoll barely misses you.
The gnoll sergeant hits you with a +0 trident!
You see here a +0 short sword.
You hit the gnoll sergeant.
The gnoll sergeant is lightly wounded.
The gnoll closely misses you.
The gnoll sergeant hits you with a +0 trident!
You die...

#.# ##..#######.... ###########<#
##.#....##.... #.........#.#
#.'....'.....
#.........#.###########....#.....
#...........##...gg.gg'....##..##
#...........##.########....###...
#####+##...###g###### #....)...#.
#.##...# #g#g...# #........#.
#.##...# #.#@##.# #........##
#.##...# #.#g##.# #..g.....##
#.##...# #....#.# #...g....##
#.....########### ####.g.####
#........%...# #...#
####....############# ##...##
#.......# #8!?.8#8...8# #.......#
#?....#.....# #.......#
#..[g.'.._..###


You could see a gnoll sergeant and a gnoll.

Vanquished Creatures
  Grinder (D:3)
  Sigmund (D:2)
  A phantom (D:3)
  A scorpion (D:2)
  4 adders
  A dart slug (D:1)
  2 orcs (D:3)
  5 ball pythons
  5 endoplasms
  3 giant cockroaches
  6 goblins
  9 hobgoblins
  8 kobolds
  A quokka (D:1)
  A bat (D:1)
  3 frilled lizards
  3 rats (D:1)
55 creatures vanquished.

Notes
Turn   | Place    | Note
-------+----------+-------------------------------------------
     0 | D:1      | mopl the Vine Stalker Enchanter began the quest for the
                  | Orb.
     0 | D:1      | Reached XP level 1. HP: 9/9 MP: 4/4
    42 | D:1      | Reached skill level 1 in Short Blades
   105 | D:1      | Reached XP level 2. HP: 13/13 MP: 6/6
   108 | D:1      | Learned a level 2 spell: Ensorcelled Hibernation
   342 | D:1      | Reached skill level 4 in Stealth
   952 | D:2      | Noticed a scorpion
   956 | D:2      | Reached XP level 3. HP: 16/16 MP: 7/7
   961 | D:2      | Killed a scorpion
   962 | D:2      | Reached XP level 4. HP: 21/21 MP: 7/9
  1113 | D:2      | Learned a level 3 spell: Confusing Touch
  1228 | D:2      | Found a faded altar of an unknown god.
  1289 | D:2      | Noticed Sigmund
  1297 | D:2      | Killed Sigmund
  1298 | D:2      | Reached skill level 5 in Stealth
  1298 | D:2      | Reached XP level 5. HP: 21/24 MP: 6/11
  1298 | D:2      | Reached XP level 6. HP: 24/28 MP: 6/12
  1364 | D:2      | Learned a level 3 spell: Tukima's Dance
  1368 | D:2      | Learned a level 3 spell: Dazzling Flash
  1420 | D:2      | Identified the +3 great sword "Jelly's Curse" {drain,
                  | ^Fragile Will+++ rCorr Dex-5}
  1455 | D:2      | Found Riyl's Armour Shop.
  1658 | D:3      | Noticed Grinder
  1682 | D:3      | Killed Grinder
  1683 | D:3      | Reached skill level 6 in Stealth
  1683 | D:3      | Reached XP level 7. HP: 29/32 MP: 9/14
  1721 | D:3      | Identified the +4 rapier of Descent {flame, rElec rC++
                  | rCorr}
  2105 | D:3      | Reached skill level 5 in Hexes
  2204 | D:3      | Found an iron altar of Okawaru.
  2205 | D:3      | Found a runed translucent door.
  2210 | D:3      | Found the +0 toga "Victory" {*Victory Clar}
  2254 | D:3      | Slain by a gnoll sergeant

Illustrated notes

Levels and vault maps discovered:
D:1:      psy_arrival_radial01, layout_basic, item_on_display_b
D:2:      layout_basic, shapermc_ecumenical_altar_hornbeckon, serial_shops,
          shop, uniq_sigmund
D:3:      layout_basic, nicolae_overflow_guarded_unrand_okawaru_victory,
          uniq_grinder

Skill      XL: |  1  2  3  4  5  6  7 |
---------------+----------------------+-----
Short Blades   | 1 2 |  2.6
Stealth        | 4 5 6 |  6.4
Spellcasting   | 3 4 |  4.5
Hexes          | 4 5 |  5.0
Fighting       | |  0.2
Dodging        | |  1.5

Action                     |  1- 3 |  4- 6 |  7- 9 || total
---------------------------+-------+-------+-------++-------
  Melee: Dagger            |    55 |    74 |    30 ||   159
         Bite              |     8 |    19 |     6 ||    33
         Punch             |       |     1 |       ||     1
   Cast: Confusing Touch   |       |     2 |     1 ||     3
         Ensorcelled Hiber |       |       |     3 ||     3
   Stab: Sleeping          |     9 |     8 |     2 ||    19
         Confused          |       |     1 |     1 ||     2
 Armour: Robe              |    26 |    32 |    23 ||    81
  Dodge: Dodged            |    28 |    44 |    23 ||    95
